[Event "Early-Titled-Tuesday-Blitz-July-09-2024"]
[Site "Chess.com"]
[Date "2024.07.09"]
[Round "10"]
[White "sirinbaba33"]
[Black "ChessSwole"]
[Result "1-0"]
[WhiteElo "2603"]
[BlackElo "2693"]
[TimeControl "180+1"]
[EndTime "9:56:23 PDT"]
[Termination "sirinbaba33 won by checkmate"]

1. e4 e5 2. Nf3 Nc6 3. Bb5 a6 4. Ba4 Nf6 5. O-O b5 6. Bb3 Bc5 7. a4 Rb8 8. c3 d6 9. d4 Bb6 10. a5 Ba7 11. Be3 Bg4 12. Nbd2 O-O 13. Qe1 exd4 14.
Nxd4 Nxd4 15. cxd4 Re8 16. f3 Be6 17. Bxe6 fxe6 18.
Kh1 e5 19. d5 Bxe3 20. Qxe3 Nd7 21. Rfc1 Nc5 22. b4 Na4 23. Rc6 Ra8 24. Rac1 Re7 25.
R1c2 h6 26. Nf1 Rd7 27. Ng3 Kh7 28. Nf5 Rf7 29. g4 Qb8 30. g5 Qa7 31. g6+ Kxg6 32. Rg2+ Kf6 33. Qe1 g5 34. Qg3 Rh8 35. Nxd6 cxd6 36.
Rxd6+ Kg7 37. Qxe5+ Kh7 38. Rxh6+ Kxh6 39. Qxg5+ Kh7 40.
Qg6# 1-0

[Event "Early-Titled-Tuesday-Blitz-July-09-2024"]
[Site "Chess.com"]
[Date "2024.07.09"]
[Round "10"]
[White "Djager97"]
[Black "banjadvorovi"]
[Result "1-0"]
[WhiteElo "2627"]
[BlackElo "2453"]
[TimeControl "180+1"]
[EndTime "9:56:23 PDT"]
[Termination "Djager97 won by checkmate"]

1. e4 c5 2. Nf3 Nc6 3. d4 cxd4 4. Nxd4 d6 5. Nc3 Nf6 6. Bg5 Qa5 7. Bxf6 gxf6 8.
Nb3 Qd8 9. Qh5 Be6 10. O-O-O Bxb3 11. axb3 Qa5 12. Bb5 O-O-O 13. Kb1 a6 14. Qh3+ e6 15. Bxc6 bxc6 16. f4 d5 17. f5 e5 18. exd5 cxd5 19. Nxd5 Rxd5 20. Qf3 Rb5 21. Qc6+ Kb8 22. Qxf6 Bg7 23.
Qxg7 Rc8 24. Qxf7 Rbc5 25. Rd7 Qb6 26. Rc1 Rxc2 27. Rxc2 Qg1+ 28. Ka2 Rxc2 29. Qf8+ Rc8 30. Qd6+ Ka8 31. Qxa6+ Kb8 32. Qb7# 1-0

[Event "Early-Titled-Tuesday-Blitz-July-09-2024"]
[Site "Chess.com"]
[Date "2024.07.09"]
[Round "10"]
[White "jasrom"]
[Black "Flaccidmoves"]
[Result "0-1"]
[WhiteElo "2360"]
[BlackElo "2581"]
[TimeControl "180+1"]
[EndTime "9:56:23 PDT"]
[Termination "Flaccidmoves won on time"]

1. e4 d6 2. d4 Nf6 3. Nc3 e5 4. Nf3 Nbd7 5. Bc4 Be7 6. O-O O-O 7. Re1 c6 8. a4 b6 9. Bg5 a6 10. Qd2 Bb7 11. Rad1 Qc7 12. Nh4 exd4 13. Qxd4 Ne5 14.
Bb3 h6 15. Be3 c5 16. Qd2 c4 17. Ba2 Nxe4 18. Nxe4 Bxe4 19. Bxb6 Qc6 20. Qf4 Bxc2 21. Nf5 Bg5 22. Rxe5 dxe5 23. Qxg5 hxg5 24. Ne7+ Kh7 25.
Nxc6 Bxd1 26. Nxe5 Rae8 27. f4 gxf4 28. Nxc4 Re2 29. Bb1+ Bc2 0-1

[Event "Early-Titled-Tuesday-Blitz-July-09-2024"]
[Site "Chess.com"]
[Date "2024.07.09"]
[Round "10"]
[White "tarno17"]
[Black "Cmorales2001"]
[Result "0-1"]
[WhiteElo "2195"]
[BlackElo "2351"]
[TimeControl "180+1"]
[EndTime "9:56:23 PDT"]
[Termination "Cmorales2001 won by checkmate"]

1. e4 c6 2. d4 d5 3. Nc3 dxe4 4. Nxe4 Nf6 5. Ng5 Bf5 6. Nxf7 Kxf7 7. Nf3 Nbd7 8.
Bc4+ e6 9. Ng5+ Kg6 10. h4 h5 11. Qf3 Bd6 12. Bf4 Bxf4 13. Qxf4 Re8 14. O-O-O Nb6 15. Bb3 Nbd5 16. Qg3 Qc7 17. Ne4+ Kh7 18. Nxf6+ gxf6 19. Bxd5 Qxg3 20. fxg3 cxd5 21. Rhf1 Rac8 22. c3 Rg8 23. Rf3 Bg4 24. Rxf6 Bxd1 25. Kxd1 Rxg3 26.
Rxe6 Rxg2 27. Re5 Rxb2 28. Rxh5+ Kg6 29. Rg5+ Kf6 30. Rxd5 Rxc3 31. Rd6+ Ke7 32. Rg6 Rh3 33. Rg8 Rh1+ 34. Rg1 Rxg1# 0-1

[Event "Early-Titled-Tuesday-Blitz-July-09-2024"]
[Site "Chess.com"]
[Date "2024.07.09"]
[Round "10"]
[White "DarkPassenger007"]
[Black "JanMur7"]
[Result "0-1"]
[WhiteElo "2212"]
[BlackElo "2292"]
[TimeControl "180+1"]
[EndTime "9:56:24 PDT"]
[Termination "JanMur7 won by checkmate"]

1. e4 g6 2. d4 Bg7 3. c3 c5 4. Nf3 cxd4 5. cxd4 d5 6. e5 Nc6 7. Nc3 f6 8. Bb5 Bg4 9. O-O fxe5 10. dxe5 e6 11. Re1 Ne7 12. h3 Bxf3 13. Qxf3 Nf5 14.
g4 Nh4 15. Qf4 Rf8 16. Qa4 Nf3+ 17. Kf1 Nxe1 18. Bxc6+ bxc6 19. Qxc6+ Kf7 20. Qb7+ Qe7 21. Qxe7+ Kxe7 22. Bg5+ Kd7 23. Rxe1 Rab8 24. b3 Rbc8 25. Na4 Rc2 26. f4 h6 27. Re2 Rxe2 28. Nc5+ Kc6 29.
Nxe6 hxg5 30. Kxe2 gxf4 31. Nxg7 Kd7 32. h4 f3+ 33. Kf2 d4 34. h5 gxh5 35. gxh5 d3 36. e6+ Ke7 37. h6 d2 38. h7 d1=Q 39. h8=B Qe2+ 40. Kg3 Qg2+ 41. Kh4 Rf4+ 42. Kh5 Qg4+ 43. Kh6 Rf6+ 44. Kh7 Qg6+ 45. Kg8 Rf8# 0-1

[Event "Early-Titled-Tuesday-Blitz-July-09-2024"]
[Site "Chess.com"]
[Date "2024.07.09"]
[Round "10"]
[White "maroro07"]
[Black "johnmez"]
[Result "0-1"]
[WhiteElo "2347"]
[BlackElo "2266"]
[TimeControl "180+1"]
[EndTime "9:56:25 PDT"]
[Termination "johnmez won by resignation"]

1. d4 Nf6 2. c4 c5 3. d5 e6 4. Nc3 exd5 5. cxd5 d6 6. e4 g6 7. f4 Bg7 8. Bb5+ Nfd7 9. a4 O-O 10. Nf3 Na6 11. O-O Nb4 12. Re1 a6 13. Bc4 Re8 14. h3 Rb8 15. a5 b5 16. axb6 Nxb6 17. Bb3 c4 18. Bc2 Qc7 19. e5 Nxc2 20. Qxc2 Bf5 21. Qd2 dxe5 22. d6 Qc5+ 23. Kh2 exf4 24. Rxe8+ Rxe8 25.
Rxa6 Nd7 26. Qxf4 Ne5 27. Nd4 Nd3 28. Qg5 Qxd4 29. Nb5 Qe5+ 30. Kh1 Qxb5 0-1

[Event "Early-Titled-Tuesday-Blitz-July-09-2024"]
[Site "Chess.com"]
[Date "2024.07.09"]
[Round "10"]
[White "BogdanDeac"]
[Black "Oleg_Papayan"]
[Result "1-0"]
[WhiteElo "2985"]
[BlackElo "2609"]
[TimeControl "180+1"]
[EndTime "9:56:27 PDT"]
[Termination "BogdanDeac won by resignation"]

1. e4 d5 2. exd5 Qxd5 3. Nc3 Qd8 4. d4 c6 5. Nf3 Bf5 6. Ne5 h5 7. Bd3 Bxd3 8. Qxd3 e6 9. Ne4 Nd7 10. Nxf7 Kxf7 11. Ng5+ Ke7 12. O-O Rh6 13. Re1 Qa5 14.
Bd2 Qb5 15. c4 Qb6 16. Rad1 Re8 17. Qh3 Qxb2 18. Nxe6 Ngf6 19. Nxg7+ Kf7 20. Nxe8 Rg6 21. Nxf6 Nxf6 22. d5 cxd5 23. cxd5 Qxa2 24. Qe6+ Kg7 25. Bc3 Bc5 26. Qf5 Qb3 27. Rd3 Qc2 28. Bxf6+ Rxf6 29. Rg3+ Kf7 30. Qxc2 Rxf2 31. Qxc5 1-0

[Event "Early-Titled-Tuesday-Blitz-July-09-2024"]
[Site "Chess.com"]
[Date "2024.07.09"]
[Round "10"]
[White "Kobalia"]
[Black "annasargsyan_m"]
[Result "0-1"]
[WhiteElo "2806"]
[BlackElo "2683"]
[TimeControl "180+1"]
[EndTime "9:56:28 PDT"]
[Termination "annasargsyan_m won on time"]

1. e4 e5 2. Nf3 Nc6 3. Bb5 a6 4. Ba4 Nf6 5. O-O Nxe4 6. d4 b5 7. Bb3 d5 8. dxe5 Be6 9. c3 Be7 10. Bf4 O-O 11. Nbd2 Nc5 12. Bc2 d4 13. cxd4 Nxd4 14.
Nxd4 Qxd4 15. Qf3 Bd5 16. Qg3 Ne6 17. Be3 Qxb2 18. Be4 Rad8 19. Rac1 c5 20. f4 Nd4 21.
Rce1 Bxe4 22. Nxe4 Nf5 23. Qg4 Nxe3 24. Rxe3 Qd4 25. Qf3 c4 26. Kh1 f5 27. exf6 Bxf6 28.
h3 b4 29. Rfe1 c3 30. Nxf6+ Qxf6 31. Re4 a5 32. Qe2 Rd2 33. Qb5 h6 34. Qxa5 Qg6 35.
R4e2 Qd3 36. Re8 Rxe8 37. Rxe8+ Kh7 38. Qe5 c2 39. Re7 Qxh3+ 0-1

[Event "Early-Titled-Tuesday-Blitz-July-09-2024"]
[Site "Chess.com"]
[Date "2024.07.09"]
[Round "10"]
[White "Rile-Man"]
[Black "dey2580"]
[Result "1-0"]
[WhiteElo "2643"]
[BlackElo "2462"]
[TimeControl "180+1"]
[EndTime "9:56:28 PDT"]
[Termination "Rile-Man won on time"]

1. d4 g6 2. Bf4 Bg7 3. c3 d6 4. e4 Nf6 5. Bd3 O-O 6. Qd2 e5 7. Bh6 exd4 8. cxd4 Re8 9. f3 Nxe4 10. fxe4 Qh4+ 11.
Qf2 Qxh6 12. Ne2 f5 13. O-O Rf8 14. Qg3 Nc6 15. exf5 Nxd4 16. fxg6 Nxe2+ 17. Bxe2 Bd4+ 18. Kh1 Rxf1+ 19. Bxf1 Be5 20. gxh7+ Kxh7 21. Qd3+ Kh8 22. g3 Bxb2 23. Nc3 Bxa1 24. Qd4+ Kg8 25. Bc4+ Be6 26.
Qg4+ Kf7 27. Qf5+ Ke7 28. Bxe6 Qxe6 29. Nd5+ Kd7 30. Qxe6+ Kxe6 31. Nxc7+ Ke5 32. Nxa8 d5 33. Kg2 Ke4 34. Kf2 Bd4+ 35. Ke2 Bg1 36. h4 Bh2 37. g4 1-0

[Event "Early-Titled-Tuesday-Blitz-July-09-2024"]
[Site "Chess.com"]
[Date "2024.07.09"]
[Round "10"]
[White "InitiatingASC"]
[Black "neistoviupryam"]
[Result "1-0"]
[WhiteElo "2425"]
[BlackElo "2331"]
[TimeControl "180+1"]
[EndTime "9:56:31 PDT"]
[Termination "InitiatingASC won by resignation"]

1. d4 d5 2. c4 e6 3. Nf3 f5 4. g3 c6 5. Bg2 Nf6 6. O-O Bd6 7.
b3 Ne4 8. Bb2 h5 9. Nbd2 h4 10.
Nxe4 dxe4 11. Ne5 hxg3 12. hxg3 Qg5 13. Bc1 Qh5 14. f4 Nd7 15. Kf2 Bxe5 16. Rh1 Bxd4+ 17. Qxd4 Qxh1 18. Bxh1 Rxh1 19. Qxg7 c5 20. Qg8+ Ke7 21. Bb2 Rxa1 22. Bxa1 b6 23. Be5 Nxe5 24. fxe5 a5 25.
a4 Kd7 26. Ke3 Kc7 27. Qf8 Rb8 28. Qe7+ Bd7 29. Qd6+ Kc8 30. Kf4 Rb7 31. Kg5 Kd8 32. Kf6 Kc8 33. Qf8+ Kc7 34. Ke7 Rb8 35. Qxb8+ Kxb8 36. Kxd7 b5 37. cxb5 Kb7 38. Kxe6 Kb6 39. Kxf5 c4 40. bxc4 Kc5 41. e6 1-0

[Event "Early-Titled-Tuesday-Blitz-July-09-2024"]
[Site "Chess.com"]
[Date "2024.07.09"]
[Round "10"]
[White "carloseduar100"]
[Black "LileKoridze"]
[Result "1/2-1/2"]
[WhiteElo "2271"]
[BlackElo "2404"]
[TimeControl "180+1"]
[EndTime "9:56:31 PDT"]
[Termination "Game drawn - insufficient material"]

1. d4 Nf6 2. Bg5 e6 3. e4 d6 4.
Nd2 Be7 5. Bd3 O-O 6. c3 Nbd7 7. Ne2 e5 8. O-O h6 9. Bh4 c6 10. f4 exf4 11. Bxf6 Nxf6 12. Nxf4 b6 13. Nh5 Nxh5 14.
Qxh5 Bf6 15. Rae1 Bb7 16. Nb1 c5 17. e5 dxe5 18. dxe5 Bg5 19. Be4 Bxe4 20. Rxe4 Qd5 21. Ree1 Qxa2 22. h4 Be7 23. Rf2 Qc4 24. g3 Rad8 25. Na3 Qd3 26. Kh2 f6 27. e6 Rd5 28.
Qf3 Rfd8 29. Qxd3 Rxd3 30. Nb5 a6 31. Na3 Rd2 32. Ree2 Rxe2 33. Rxe2 b5 34. Kg2 g6 35. Nc2 Kg7 36. Ne3 f5 37. c4 bxc4 38. Nxc4 Kf6 39. b3 Rd4 40. Ra2 Re4 41. Rxa6 Rxe6 42. Ra7 Re1 43. Rb7 g5 44. hxg5+ hxg5 45. Rb6+ Re6 46. Rxe6+ Kxe6 47. Kf3 Bf6 48. Ke3 Bd4+ 49. Kf3 Kd5 50. g4 fxg4+ 51. Kxg4 Bf6 52. Kf5 Bd8 53.
Ne3+ Kd4 54. Nc4 Kc3 55. Nd6 Kxb3 56. Nb7 Be7 57. Nxc5+ Kc4 58. Ne6 Kd5 59. Nxg5 1/2-1/2

[Event "Early-Titled-Tuesday-Blitz-July-09-2024"]
[Site "Chess.com"]
[Date "2024.07.09"]
[Round "10"]
[White "Redbandit87"]
[Black "Slovineanu"]
[Result "1-0"]
[WhiteElo "2455"]
[BlackElo "2536"]
[TimeControl "180+1"]
[EndTime "9:56:32 PDT"]
[Termination "Redbandit87 won by checkmate"]

1. e4 c6 2. Nc3 d5 3. Qf3 dxe4 4. Nxe4 Nd7 5. d4 Ndf6 6. c3 Nxe4 7.
Qxe4 Nf6 8. Qc2 Bg4 9. h3 Bh5 10. Qb3 Qb6 11. g4 Bg6 12. Bg2 e6 13. Be3 Be4 14.
Bxe4 Nxe4 15. Qc2 Nf6 16. d5 Bc5 17. Bxc5 Qxc5 18. dxe6 Qe5+ 19. Qe2 Qxe6 20. Qxe6+ fxe6 21. Ne2 Ke7 22. Nd4 Nd5 23. O-O Nf4 24. Kh2 c5 25.
Nf3 h6 26. Rae1 Rhf8 27. Kg3 Rf6 28. Re4 Raf8 29. Rfe1 g5 30. R1e3 Nxh3 31. b4 cxb4 32. Rxb4 b6 33. Ra4 a5 34. Rc4 Nf4 35. Rc6 Nd5 36.
Rd3 Kd7 37. Ne5+ Ke7 38. f3 Rb8 39. c4 Nf4 40. Rd7+ Ke8 41. Rcc7 Ng6 42. Nc6 Ra8 43. Rg7 Nh4 44. Rg8+ Rf8 45. Re7# 1-0

[Event "Early-Titled-Tuesday-Blitz-July-09-2024"]
[Site "Chess.com"]
[Date "2024.07.09"]
[Round "10"]
[White "Jakhongir-Vakhidov"]
[Black "Igor_Janik"]
[Result "1/2-1/2"]
[WhiteElo "3021"]
[BlackElo "2901"]
[TimeControl "180+1"]
[EndTime "9:56:33 PDT"]
[Termination "Game drawn by repetition"]

1. c4 e6 2. Nc3 Nf6 3. d4 Bb4 4. e3 O-O 5. Bd2 b6 6. Bd3 d5 7. cxd5 exd5 8. Rc1 Ba6 9. Bxa6 Nxa6 10. Qa4 Qc8 11. Nf3 Qb7 12. O-O Rfe8 13. Ne5 Bd6 14.
f4 c5 15. Be1 Ne4 16. Nxe4 dxe4 17. Bc3 b5 18. Qb3 Rac8 19. a3 c4 20. Qd1 f6 21.
Ng4 Nc7 22. Qe1 Nd5 23. Qg3 Kh8 24. h4 h5 25. Nf2 Qf7 26. Qh3 f5 27. Qg3 Be7 28.
Nh3 Bf6 29. Qe1 Qe7 30. Bb4 Nxb4 31. Qxb4 a6 32. Qxe7 Rxe7 33. Ng5 Rec7 34. Rc3 a5 35. Rc2 Rc6 36. Nf7+ Kg8 37. Ne5 R6c7 38. g3 a4 39. Rfc1 Kf8 40. Kf2 Ke7 41. Ke2 Kd6 42. Kd2 Kd5 43. Ke2 Be7 44. Kd2 Bd6 45. Ke2 Bf8 46. Kd2 Bd6 47. Ke2 Bf8 48. Kd2 Bd6 1/2-1/2

[Event "Early-Titled-Tuesday-Blitz-July-09-2024"]
[Site "Chess.com"]
[Date "2024.07.09"]
[Round "10"]
[White "Trendle"]
[Black "chess_peak"]
[Result "1-0"]
[WhiteElo "2679"]
[BlackElo "2555"]
[TimeControl "180+1"]
[EndTime "9:56:34 PDT"]
[Termination "Trendle won by resignation"]

1. f4 d5 2. Nf3 Nf6 3. g3 g6 4.
Bg2 Bg7 5. O-O O-O 6. d3 b6 7.
Nc3 Bb7 8. Ne5 Nbd7 9. e4 dxe4 10.
Nxd7 Qxd7 11. dxe4 Rad8 12. Qe2 Ne8 13. e5 Bxg2 14.
Qxg2 f6 15. Rd1 Qc8 16. Nd5 Qe6 17. Be3 fxe5 18. c3 exf4 19. Bxf4 Nf6 20. Nxc7 Qc4 21. Qf1 Qc5+ 22. Kh1 Qc6+ 23. Qg2 Ne4 24. Re1 Nf2+ 25. Kg1 Qxg2+ 26. Kxg2 Nd3 27. Rxe7 Nxf4+ 28. gxf4 Rd2+ 29. Kf3 Rxb2 30. Ne6 Rf7 31. Re8+ Bf8 32. Rd1 Rc2 33. Rdd8 Rxc3+ 34. Kg4 h5+ 35. Kg5 Kh7 36. Nxf8+ 1-0

[Event "Early-Titled-Tuesday-Blitz-July-09-2024"]
[Site "Chess.com"]
[Date "2024.07.09"]
[Round "10"]
[White "NovakRatko"]
[Black "campochess"]
[Result "1-0"]
[WhiteElo "2359"]
[BlackElo "2238"]
[TimeControl "180+1"]
[EndTime "9:56:34 PDT"]
[Termination "NovakRatko won by resignation"]

1. d4 Nf6 2. c4 g6 3. Nc3 d5 4. f3 dxc4 5. e4 Bg7 6. Bxc4 c5 7. d5 Nfd7 8. f4 a6 9. a3 b5 10. Ba2 O-O 11. Nf3 Nf6 12. e5 Ng4 13. h3 Nh6 14. Be3 Nf5 15. Bxc5 Ng3 16. Rg1 Nd7 17. Bf2 Nf5 18. g4 Nh6 19. Be3 Kh8 20. Qd2 Ng8 21. Kf2 Rb8 22. Ng5 b4 23. axb4 Rxb4 24.
e6 Ndf6 25. Nxf7+ Rxf7 26. exf7 Nh6 27. g5 Nf5 28. gxf6 Bxf6 29. Rad1 Nxe3 30. Kxe3 Qb6+ 31.
Kf3 Kg7 32. d6 exd6 33. Qxd6 Bb7+ 34. Nd5 Qd8 35. Qxd8 Bxd8 36. Rd2 Kxf7 37. Ke2 Re4+ 38. Kd3 Re8 39. Nc7+ Kf8 40. Nxe8 Kxe8 41. Re1+ 1-0

[Event "Early-Titled-Tuesday-Blitz-July-09-2024"]
[Site "Chess.com"]
[Date "2024.07.09"]
[Round "10"]
[White "Flawless_Fighter"]
[Black "Shuvalov"]
[Result "1-0"]
[WhiteElo "2773"]
[BlackElo "2585"]
[TimeControl "180+1"]
[EndTime "9:56:35 PDT"]
[Termination "Flawless_Fighter won by resignation"]

1. Nf3 c5 2. g3 Nc6 3. Bg2 e5 4.
O-O d5 5. d3 Nf6 6. Nbd2 Be7 7.
e4 O-O 8. Re1 d4 9. a4 Ne8 10.
Nc4 Qc7 11. a5 Be6 12. Bd2 Rb8 13. Ncxe5 Nxe5 14. Nxe5 Rd8 15. Nc4 b5 16. axb6 axb6 17. Bf4 Qb7 18. Qd2 b5 19. Na5 Qb6 20. Nb3 c4 21. Nc1 b4 22. dxc4 Bxc4 23. b3 Bb5 24. Nd3 Bc6 25. h4 Nc7 26. Ne5 Bb5 27. h5 Ne6 28.
Nd3 Bc6 29. h6 g6 30. Qe2 Bb5 31. Bd2 Rc8 32. Ra2 Rc7 33. Qf3 Bc6 34. Ne5 Bb5 35. Ng4 Ng5 36. Bxg5 Bxg5 37. e5 Rc3 38. Qe4 Re8 39. Ra8 Rcc8 40. Rxc8 Rxc8 41. Kh2 Re8 42. f4 Bd8 43. Qd5 Bd7 44. Qxd7 1-0

[Event "Early-Titled-Tuesday-Blitz-July-09-2024"]
[Site "Chess.com"]
[Date "2024.07.09"]
[Round "10"]
[White "Herzog2012"]
[Black "Pitomina"]
[Result "0-1"]
[WhiteElo "2706"]
[BlackElo "2614"]
[TimeControl "180+1"]
[EndTime "9:56:36 PDT"]
[Termination "Pitomina won on time"]

1. e4 e5 2. Nc3 Nc6 3. g3 Nf6 4. Bg2 Bb4 5. Nge2 O-O 6. O-O Nd4 7.
Nxd4 exd4 8. Ne2 Re8 9. d3 c5 10. c3 dxc3 11. bxc3 Ba5 12. f4 d6 13. h3 c4 14. Kh2 Qc7 15. Ba3 Bd7 16. Rb1 Bc6 17.
Nd4 Bxc3 18. Nxc6 bxc6 19. dxc4 Nxe4 20. Qd3 Nd2 21. Qxc3 Nxb1 22. Rxb1 Re2 23. Rb2 Rae8 24. Qf3 Rxb2 25. Bxb2 c5 26. Qg4 g6 27. h4 Qe7 28.
Bc3 Qe3 29. Bf6 Qe6 30. Qg5 Qf5 31. Qxf5 gxf5 32. Bd5 Re2+ 33. Kh3 Rxa2 34. Be7 Ra6 35. h5 Rb6 36. Bd8 Ra6 37. Kh4 h6 38. Bc7 Ra1 39. Bxd6 a5 40. Bxc5 a4 41. Bb4 Rb1 42. Be7 Rb2 43. Kh3 a3 44. c5 a2 45. c6 a1=Q 0-1

[Event "Early-Titled-Tuesday-Blitz-July-09-2024"]
[Site "Chess.com"]
[Date "2024.07.09"]
[Round "10"]
[White "wannabe2700"]
[Black "karinachess1"]
[Result "1-0"]
[WhiteElo "2558"]
[BlackElo "2662"]
[TimeControl "180+1"]
[EndTime "9:56:36 PDT"]
[Termination "wannabe2700 won by resignation"]

1. e4 e5 2. f4 Nc6 3. Nf3 d5 4.
exd5 Qxd5 5. Nc3 Qe6 6. Bb5 Bd7 7. O-O Bc5+ 8. Kh1 Nge7 9. fxe5 Nxe5 10. Nxe5 Qxe5 11.
Bxd7+ Kxd7 12. Qg4+ f5 13. Qa4+ Kc8 14. d3 Ng6 15.
Bd2 Bd6 16. g3 c6 17. Rae1 Qf6 18. Ne4 Qd8 19. Rxf5 Be7 20. Rf7 Rf8 21. Rxg7 Qd5 22. Rxh7 Qf5 23. Kg1 Qf3 24. Qc4 Kc7 25. Be3 Rae8 26.
Qe6 Qf5 27. Qxf5 Rxf5 28. Rf1 Kd7 29. Rxf5 1-0

[Event "Early-Titled-Tuesday-Blitz-July-09-2024"]
[Site "Chess.com"]
[Date "2024.07.09"]
[Round "10"]
[White "GelmanAlexander"]
[Black "Ganziitoo"]
[Result "1-0"]
[WhiteElo "2709"]
[BlackElo "2354"]
[TimeControl "180+1"]
[EndTime "9:56:36 PDT"]
[Termination "GelmanAlexander won by resignation"]

1. c4 e6 2. d3 d5 3. Nd2 Nf6 4. Ngf3 Be7 5. e3 O-O 6. b3 c5 7.
Bb2 Nc6 8. a3 b6 9. Rg1 Bb7 10.
g4 d4 11. g5 Ne8 12. Qe2 e5 13. h4 Nc7 14. Bh3 Ne6 15. O-O-O a5 16. Ne4 a4 17.
bxa4 Rxa4 18. h5 Nc7 19. g6 h6 20. Bf5 f6 21. Nh2 Bc8 22. Ng3 b5 23. cxb5 Nxb5 24. Qc2 Ra5 25. Qb3+ Kh8 26. Ng4 c4 27. dxc4 Nd6 28.
Nxh6 gxh6 29. g7+ Kxg7 30. Bxc8 Qxc8 31. Qc2 Kf7 32. exd4 e4 33. c5 Nb7 34. Nxe4 Qe6 35. d5 1-0

[Event "Early-Titled-Tuesday-Blitz-July-09-2024"]
[Site "Chess.com"]
[Date "2024.07.09"]
[Round "10"]
[White "Baronessa08"]
[Black "lildoggo2007"]
[Result "1-0"]
[WhiteElo "2592"]
[BlackElo "2426"]
[TimeControl "180+1"]
[EndTime "9:56:36 PDT"]
[Termination "Baronessa08 won by resignation"]

1. c4 Nf6 2. Nc3 g6 3. g3 Bg7 4. Bg2 O-O 5. d4 d6 6. Nf3 Nc6 7. O-O e5 8. dxe5 dxe5 9. Qa4 Bd7 10. Qc2 Qc8 11. Rd1 Rd8 12. Bg5 Bf5 13. e4 Bg4 14.
Rxd8+ Qxd8 15. Qd2 Bxf3 16. Qxd8+ Rxd8 17. Bxf3 Nd4 18. Bd1 c6 19. b4 h6 20. Be3 Ne8 21. c5 Nc7 22. a4 b6 23. cxb6 axb6 24. a5 bxa5 25.
bxa5 Ra8 26. Kf1 Bf8 27. Ra4 Ncb5 28. Nxb5 cxb5 29. Ra1 b4 30. a6 Kg7 31. f4 Kf6 32.
fxe5+ Kxe5 33. Ra5+ Kxe4 34. Kf2 f5 35. a7 Nc6 36. Bf3+ Kd3 37. Bxc6 1-0

[Event "Early-Titled-Tuesday-Blitz-July-09-2024"]
[Site "Chess.com"]
[Date "2024.07.09"]
[Round "10"]
[White "NowInChess"]
[Black "Senn71"]
[Result "0-1"]
[WhiteElo "2211"]
[BlackElo "2370"]
[TimeControl "180+1"]
[EndTime "9:56:36 PDT"]
[Termination "Senn71 won on time"]

1. e4 c5 2. d3 g6 3. g3 Bg7 4.
Bg2 Nc6 5. f4 d6 6. Nf3 e6 7.
O-O Nge7 8. c3 O-O 9. Be3 Rb8 10. d4 d5 11. e5 cxd4 12. cxd4 b6 13. Nc3 Ba6 14. Re1 Qd7 15. Rc1 Rfc8 16. Qd2 Na5 17.
b3 Nec6 18. g4 Nb4 19. Bf1 Bxf1 20. Rxf1 Rc7 21. f5 exf5 22. Ng5 h6 23. e6 fxe6 24.
Nf3 fxg4 25. Ne5 Bxe5 26. dxe5 d4 27. Qxd4 Qxd4 28. Bxd4 Nac6 29. Nb5 Rcc8 30. Nd6 Rf8 0-1

[Event "Early-Titled-Tuesday-Blitz-July-09-2024"]
[Site "Chess.com"]
[Date "2024.07.09"]
[Round "10"]
[White "SVijayalakshmi"]
[Black "Cheer_Down"]
[Result "0-1"]
[WhiteElo "2528"]
[BlackElo "2439"]
[TimeControl "180+1"]
[EndTime "9:56:38 PDT"]
[Termination "Cheer_Down won on time"]

1. d4 d5 2. c4 e6 3. Nc3 Nf6 4. cxd5 exd5 5. Bg5 Bb4 6. Nf3 Nbd7 7. e3 c5 8. dxc5 Qa5 9. Bd3 Bxc3+ 10. bxc3 Qxc3+ 11. Ke2 Nxc5 12. Bb5+ Bd7 13. Bxd7+ Nfxd7 14. Qxd5 Qb2+ 15. Nd2 Qb5+ 16. Qc4 Qc6 17. Rhd1 Qxg2 18. Nf3 O-O 19. Qh4 f6 20. Bh6 Ne5 21. Ne1 Qg6 22. Bf4 Rac8 23. Rac1 Ncd3 24. Rxc8 Rxc8 25. Nxd3 Rc2+ 0-1

[Event "Early-Titled-Tuesday-Blitz-July-09-2024"]
[Site "Chess.com"]
[Date "2024.07.09"]
[Round "10"]
[White "Barbix1"]
[Black "Chernov_Alexander_A"]
[Result "0-1"]
[WhiteElo "2358"]
[BlackElo "2289"]
[TimeControl "180+1"]
[EndTime "9:56:40 PDT"]
[Termination "Chernov_Alexander_A won by resignation"]

1. d4 Nf6 2. c4 e6 3. Nf3 b6 4. g3 Bb7 5. Bg2 Be7 6. O-O O-O 7. d5 exd5 8. Nh4 c6 9. cxd5 Nxd5 10. Nf5 Bf6 11.
e4 Nc7 12. Nd6 Ba6 13. Re1 Ne8 14. e5 Nxd6 15. exd6 Bc4 16. Nd2 Be6 17. Ne4 a5 18. h4 h6 19. Be3 Na6 20. Nxf6+ Qxf6 21. Bxb6 Qxb2 22. Bd4 Qb5 23. Qd2 Nb4 24. Rad1 Qc4 25. Ba1 Qg4 26. Qb2 f6 27. Re4 Qg6 28. Qe2 Bd5 29. Re7 Bxg2 30. Kxg2 Rf7 31. Re1 Raf8 32. Qe3 Nd5 33. Rxf7 Nxe3+ 0-1

[Event "Early-Titled-Tuesday-Blitz-July-09-2024"]
[Site "Chess.com"]
[Date "2024.07.09"]
[Round "10"]
[White "lluiss"]
[Black "talaicito"]
[Result "1-0"]
[WhiteElo "2199"]
[BlackElo "2334"]
[TimeControl "180+1"]
[EndTime "9:56:40 PDT"]
[Termination "lluiss won on time"]

1. Nf3 f5 2. c4 Nf6 3. g3 d6 4. d4 e6 5. Bg2 Be7 6. O-O O-O 7.
Nc3 a5 8. Re1 Ne4 9. Qc2 Nxc3 10. Qxc3 Nc6 11. d5 Nb4 12. dxe6 Bxe6 13. a3 Nc6 14. Rd1 Qe8 15. Ng5 Bd7 16. Bd5+ Kh8 17. Qc2 Bxg5 18. Bxg5 Qh5 19. Qd2 h6 20. Bf4 g5 21. Be3 Rae8 22. Bd4+ Nxd4 23. Qxd4+ Kh7 24. e3 f4 25. exf4 gxf4 26. Re1 fxg3 27. hxg3 Re2 28. Be4+ Kg8 29. Qd5+ 1-0

[Event "Early-Titled-Tuesday-Blitz-July-09-2024"]
[Site "Chess.com"]
[Date "2024.07.09"]
[Round "10"]
[White "maurovargas01"]
[Black "amelia91"]
[Result "1-0"]
[WhiteElo "1960"]
[BlackElo "2080"]
[TimeControl "180+1"]
[EndTime "9:56:40 PDT"]
[Termination "maurovargas01 won by resignation"]

1. e4 c5 2. Nc3 Nc6 3. f4 e6 4.
Nf3 d6 5. g4 g6 6. Bg2 Bg7 7.
O-O Nge7 8. d3 O-O 9. Ne2 f5 10. gxf5 exf5 11. c3 b5 12. Qe1 b4 13. Bd2 Ba6 14.
exf5 Bxd3 15. fxg6 Nxg6 16. Ng5 Qe7 17. Bxc6 Qxe2 18. Qxe2 Bxe2 19. Bxa8 Rxa8 20. Rfe1 Bc4 21. Re3 Rf8 22. Rf3 h6 23. Ne4 Bd5 24. Re1 Nh4 25. Rf2 bxc3 26. Bxc3 Bxc3 27. bxc3 Kg7 28.
Nxd6 Nf3+ 29. Rxf3 Bxf3 30. Re7+ Kg6 31. f5+ Kg5 32. Rxa7 Kf4 33. Kf2 Rd8 34. Ra6 Rg8 35. Ra4+ Ke5 36. Nf7+ Kf6 37. Nxh6 1-0

[Event "Early-Titled-Tuesday-Blitz-July-09-2024"]
[Site "Chess.com"]
[Date "2024.07.09"]
[Round "10"]
[White "EvilMorty23"]
[Black "ccccvhhhj"]
[Result "0-1"]
[WhiteElo "2397"]
[BlackElo "2513"]
[TimeControl "180+1"]
[EndTime "9:56:41 PDT"]
[Termination "ccccvhhhj won on time"]

1. e4 e6 2. d4 d5 3. Nd2 Nc6 4. Ngf3 g5 5. c3 Qf6 6. e5 Qg7 7. Bd3 Bd7 8. b4 g4 9. Ng1 f6 10. f4 gxf3 11. Ngxf3 fxe5 12. b5 e4 13. bxc6 Bxc6 14.
Ne5 exd3 15. Qh5+ Kd8 16. Nf7+ Kc8 17. Nxh8 Qxh8 18. O-O Bd6 19. Nf3 b6 20. Ne5 Bxe5 21. Rf8+ Kb7 22. Rxa8 Bxd4+ 23. cxd4 Qxd4+ 24. Kh1 Qxa1 25. Qg5 d2 26. Qxd2 Kxa8 27. h4 Kb7 28. Qg5 Ne7 29.
Kh2 Nf5 30. Bf4 Qg7 31. Qd8 e5 32. Bg5 h6 33. Bf6 Qg3+ 34. Kh1 d4 0-1